 Dungeon Crawl Stone Soup version 0.20.1-1-g8b1a95d (webtiles) character file.

1072 Giltor the Covert (level 8, -15/36 HPs)
             Began as a Spriggan Enchanter on Aug 3, 2017.
             Was an Initiate of Dithmenos.
             Demolished by an orc warrior
             ... wielding a +0 dire flail
              (25 damage)
             ... on level 6 of the Dungeon.
             The game lasted 00:54:48 (4340 turns).

Giltor the Covert (Spriggan Enchanter)              Turns: 4340, Time: 00:54:49

Health: -15/36     AC:  5    Str:  6    XL:     8   Next: 7%
Magic:  12/13      EV: 18    Int: 17    God:    Dithmenos [......]
Gold:   227        SH:  0    Dex: 16    Spells: 5/13 levels left

rFire    . . .     SeeInvis +   a - +2 dagger
rCold    + . .     Gourm    .   (shield restricted)
rNeg     . . .     Faith    .   t - +2 robe {rC+}
rPois    .         Spirit   .   (helmet restricted)
rElec    .         Reflect  .   r - +0 cloak {+Inv}
rCorr    .         Harm     .   (gloves unavailable)
MR       +....                  (boots unavailable)
Stlth    ++++......             (no amulet)
Regen    0.2/turn               (no ring)
MPRegen  0.2/turn               (no ring)

@: very slightly contaminated, invisible, very quick
A: unfitting armour, see invisible, herbivore 3, speed 3, slow metabolism 2
a: Renounce Religion


You were on level 6 of the Dungeon.
You worshipped Dithmenos.
Dithmenos was noncommittal.
You were not hungry.

You visited 1 branch of the dungeon, and saw 6 of its levels.

You collected 227 gold pieces.

Inventory:

Hand Weapons
 a - a +2 dagger (weapon)
 h - a +2 rapier of holy wrath
Missiles
 o - 5 poisoned needles
Armour
 l - a +1 robe of magic resistance
 n - a scarf of spirit shield
 r - a +0 cloak of invisibility (worn)
 t - a +2 robe of cold resistance (worn)
Scrolls
 e - 5 scrolls of remove curse
 f - 4 scrolls of teleportation
 g - a scroll of magic mapping
 k - a scroll of random uselessness
 s - 2 scrolls of identify
Potions
 i - a potion of resistance
 j - 2 potions of curing
 m - a potion of heal wounds
 p - a potion of ambrosia {unknown}
 q - 2 potions of magic
Books
 c - a book of Maledictions

   Spells                             Type                      Level
   a - Corona                         Hexes                        1
   b - Ensorcelled Hibernation        Hexes/Ice                    2
   c - Confuse                        Hexes                        3
   d - Tukima's Dance                 Hexes                        3
   e - Dazzling Spray                 Conjuration/Hexes            3
Comestibles
 b - 4 royal jellies
 d - 4 bread rations


   Skills:
 * Level 3.5 Short Blades
 - Level 3.0 Dodging
 - Level 9.1 Stealth
 - Level 3.3 Spellcasting
 - Level 7.1 Hexes
 - Level 2.0 Invocations
 - Level 5.3 Evocations


You had 5 spell levels left.
You knew the following spells:

 Your Spells              Type           Power        Failure   Level  Hunger
b - Ensorcelled Hibernat  Hex/Ice        ##....       6%          2    ##.....
c - Confuse               Hex            ####....     2%          3    ###....
d - Tukima's Dance        Hex            ####....     2%          3    ###....


Dungeon Overview and Level Annotations

Branches:
Dungeon (6/15)
 Temple: D:4-7

Altars:
Dithmenos
Elyvilon
Makhleb
Nemelex Xobeh

Shops:
D:5 (

Annotations:
D:4 Natasha


Innate Abilities, Weirdness & Mutations

You are very small and have problems with some larger weapons.
You are too small for most types of armour.
You have supernaturally acute eyesight. (SInv)
You are a herbivore.
You cover ground extremely quickly.
You need consume almost no food.


Message History

The orc priest barely misses you.
You closely miss the orc priest.
The orc priest hits you but does no damage.
You strike the helpless orc priest from behind!
You impale the orc priest!!
You kill the orc priest!
Dithmenos accepts your kill.
You completely miss the orc warrior.
The orc warrior hits you with a dire flail!!
Ouch! That really hurt!
* * * LOW HITPOINT WARNING * * *
Press: ? - help, v - describe, . - travel
Here: an orc priest, wielding a mace The floor.
You barely miss the orc warrior. The orc warrior barely misses you.
You closely miss the orc warrior. You closely miss the orc warrior.
The orc warrior hits you with a dire flail!!
Ouch! That really hurt!
You die...

......... #.............#
...... #.............# ....
#.....##...>.......
#+#.########.....#######.#####
#...................# #.#....
###.###############.####.#.###
#....................#.#.#
#..#########.#######.#.#.#
#..# #..o@$# #..# #.# #..#
#o###.# ##.##.#.# #..# #.#
#>....#.# #... ...#####.####.#
#..# ._............# #..#
(..##.#..###### ##.###
########### .# #.....)....
#.#########


You could see an orc warrior and an orc priest.

Vanquished Creatures
  Duvessa (D:6)
  A sky beast (D:5)
  A phantom (D:5)
  An ice beast (D:5)
  3 ogres
  Dowan (D:6)
  A crimson imp (D:6)
  A centaur zombie (D:5)
  A centaur skeleton (D:5)
  An orc priest (D:6)
  A bullfrog skeleton (D:5)
  Crazy Yiuf (D:3)
  2 hounds
  A worker ant (D:5)
  6 adders
  3 oozes
  A worm (D:5)
  2 dart slugs (D:1)
  An orc (D:6)
  2 giant cockroaches
  7 goblins
  3 hobgoblins
  4 jackals (D:3)
  2 quokkas
  A ball python (D:4)
  8 bats
  3 frilled lizards
  8 kobolds
  5 rats
  A fungus (D:3)
74 creatures vanquished.

Notes
Turn   | Place    | Note
-------+----------+-------------------------------------------
     0 | D:1      | Giltor the Spriggan Enchanter began the quest for the Orb.
     0 | D:1      | Reached XP level 1. HP: 9/9 MP: 5/5
   201 | D:1      | Reached skill level 5 in Stealth
   336 | D:1      | Reached XP level 2. HP: 6/13 MP: 3/6
   340 | D:1      | Learned a level 2 spell: Ensorcelled Hibernation
   978 | D:1      | Reached XP level 3. HP: 16/16 MP: 5/8
  1693 | D:2      | Found a sparkling altar of Nemelex Xobeh.
  1887 | D:2      | Reached skill level 6 in Stealth
  2152 | D:3      | Found a runed door.
  2156 | D:3      | Noticed Crazy Yiuf
  2162 | D:3      | Killed Crazy Yiuf
  2162 | D:3      | Reached XP level 4. HP: 21/21 MP: 6/9
  2446 | D:3      | Reached skill level 1 in Evocations
  2925 | D:4      | Reached XP level 5. HP: 24/24 MP: 7/10
  2926 | D:4      | Noticed an ogre
  2962 | D:3      | Learned a level 3 spell: Confuse
  2966 | D:3      | Learned a level 3 spell: Tukima's Dance
  2981 | D:4      | Reached skill level 5 in Hexes
  3005 | D:4      | Killed an ogre
  3206 | D:4      | Found a white marble altar of Elyvilon.
  3279 | D:4      | Noticed Natasha
  3432 | D:5      | Entered Level 5 of the Dungeon
  3450 | D:5      | Noticed a phantom
  3469 | D:5      | Reached XP level 6. HP: 16/28 MP: 4/11
  3478 | D:5      | Reached skill level 7 in Stealth
  3566 | D:5      | Noticed a sky beast
  3588 | D:5      | Killed a sky beast
  3588 | D:5      | Reached skill level 8 in Stealth
  3663 | D:5      | Reached skill level 9 in Stealth
  3663 | D:5      | Reached XP level 7. HP: 32/32 MP: 12/12
  3746 | D:5      | Reached skill level 5 in Evocations
  3784 | D:5      | Found Rybiewku's Antique Weapon Shop.
  3883 | D:5      | Found a shadowy altar of Dithmenos.
  3896 | D:5      | Became a worshipper of Dithmenos the Shadowed
  4019 | D:6      | Noticed Duvessa
  4052 | D:6      | Noticed Dowan
  4060 | D:6      | Killed Duvessa
  4065 | D:6      | Killed Dowan
  4234 | D:6      | Reached skill level 1 in Invocations
  4255 | D:6      | Found a burning altar of Makhleb.
  4291 | D:6      | Reached XP level 8. HP: 36/36 MP: 10/13
  4340 | D:6      | Demolished by an orc warrior

Skill      XL: |  1  2  3  4  5  6  7 |
---------------+----------------------+-----
Stealth        | 5 6 9 |  9.1
Hexes          | 4 5 7 |  7.1
Spellcasting   | 3 |  3.3
Short Blades   | 2 3 |  3.5
Evocations     | 2 4 5 |  5.3
Invocations    | 2 |  2.0
Dodging        | |  3.0

Action                   |  1- 3 |  4- 6 |  7- 9 || total
-------------------------+-------+-------+-------++-------
Melee: Dagger            |   118 |   106 |    46 ||   270
 Cast: Corona            |    10 |       |       ||    10
       Ensorcelled Hiber |    22 |    17 |       ||    39
       Confuse           |       |     7 |     9 ||    16
 Abil: Evoke Invisibilit |       |       |     2 ||     2
  Use: Scroll            |     3 |     6 |     2 ||    11
       Potion            |       |       |     1 ||     1
 Stab: Sleeping          |    17 |    13 |     6 ||    36
       Confused          |       |     7 |     5 ||    12
       Distracted        |       |     1 |       ||     1
       Invisible         |       |       |     4 ||     4
  Eat: Bread ration      |       |     1 |       ||     1
Armor: Robe              |    10 |    16 |       ||    26
Dodge: Dodged            |    85 |    71 |    13 ||   169
